 Dungeon Crawl Stone Soup version 0.31-a0-355-g57cb03d3e8 (webtiles) character file.

Game seed: 17776745238848025220

198 LustLizard the Ruffian (level 5, -4/52 HPs)
             Began as an Octopode Shapeshifter on July 24, 2023.
             Killed by divine providence
             ... invoked by an orc priest
              (15 damage)
             ... on level 4 of the Dungeon.
             The game lasted 00:05:37 (4369 turns).

LustLizard the Ruffian (Octopode Shapeshifter)      Turns: 4369, Time: 00:05:37

Health: -4/52      AC: 22    Str: 16    XL:     5   Next: 76%
Magic:  5/5        EV:  2    Int: 10    God:
Gold:   156        SH:  0    Dex: 13    Spells: 4/4 levels left

rFire   + .          .
                       - Unarmed
rCold   . . .        (no shield)
rNeg    . . .        (helmet currently unavailable)
rPois   +            n - amulet of magic regeneration
rElec   .            d - ring of poison resistance
rCorr   +            e - ring of see invisible
SInv    +            r - ring of resist corrosion
Will    .....        p - ring of protection from fire
Stlth   ++           (no ring)
HPRegen 0.28/turn    (no ring)
MPRegen 0.49/turn    (no ring)
                     (no ring)

%: no passive effects
@: tree-form
A: stationary, stasis, torment immunity, boosted hp, almost no armour,
(amphibious), 8 rings, (camouflage 1), (gelatinous body 1), (nimble swimmer 1),
(tentacles)
a: no special abilities


You were on level 4 of the Dungeon.
You were a tree.
You visited 1 branch of the dungeon, and saw 4 of its levels.

You collected 156 gold pieces.

Inventory:

Jewellery
 d - a ring of poison resistance (left branch)
 e - a ring of see invisible (right branch)
 n - an amulet of magic regeneration (around neck)
 p - a ring of protection from fire (on tentacle)
 r - a ring of resist corrosion (on tentacle)
Talismans
 b - a beast talisman
Scrolls
 c - a scroll of silence {unknown}
 f - a scroll of fear {unknown}
 g - 2 scrolls of teleportation
 h - 2 scrolls of amnesia {unknown}
 i - a scroll of immolation {unknown}
 j - a scroll of noise {unknown}
 k - a scroll of vulnerability {unknown}
 s - a scroll of fog {unknown}
 u - 2 scrolls of revelation {unknown}
 v - a scroll of blinking {unknown}
Potions
 l - 2 potions of resistance
 m - a potion of magic {unknown}
 o - 2 potions of curing
 q - 3 potions of cancellation {unknown}
 t - a potion of degeneration {unknown}
 w - a potion of attraction {unknown}


   Skills:
 + Level 2.5 Fighting
 - Level 2.0 Dodging
 + Level 3.1 Stealth
 * Level 4.5 Unarmed Combat
 + Level 3.5 Shapeshifting


You had 4 spell levels left.
You didn't know any spells.
Your spell library was empty.

Dungeon Overview and Level Annotations

Branches:
Dungeon (4/15)
 Temple: D:4-7

Altars:
Cheibriados


Innate Abilities, Weirdness & Mutations

You are a tree.
Your roots penetrate the ground, keeping you stationary.
You cannot be teleported.
You are immune to unholy pain and torment.
Your maximum health is greatly increased.
You cannot wear most types of armour.
((You are amphibious.))
You can wear up to eight rings at the same time.
((Your skin changes colour to match your surroundings (Stealth+).))
((Your rubbery body absorbs attacks. (AC +1, EV +1)))
((You are camouflaged when in or above water. (Stealth+)))
((You have tentacles for arms and can constrict up to eight enemies at once.))


Message History

The orc priest hits you with a +0 mace.
* * * LOW HITPOINT WARNING * * *
You see here a +0 dagger.
Unknown command.
You barely miss the orc priest. The orc wizard barely misses you.
The orc priest misses you.
You tentacle-slap the orc priest but do no damage.
The orc wizard barely misses you.
The orc priest calls upon Beogh to heal the orc wizard.
The orc wizard's wounds heal themselves!
Unknown command.
You're too confused to move!
The orc wizard points at you and mumbles some strange words.
The puff of flame hits you. You resist.
* * * LOW HITPOINT WARNING * * *
The orc priest mumbles some strange prayers to Beogh against you.
You barely resist.
Unknown command.
You barely miss the orc priest.
You tentacle-slap the orc priest, but do no damage.
You feel less confused. The orc priest hits you with a +0 mace.
* * * LOW HITPOINT WARNING * * *
Unknown command.
Really quaff the potion of lignification?
Your transformation has ended.
You turn into a tree.
Your roots penetrate the ground.
The orc wizard hits you but does no damage.
The orc priest hits you but does no damage. x2
You feel better.
The orc wizard hits you but does no damage.
The orc priest calls down the wrath of Beogh upon you.
Beogh smites you!
* * * LOW HITPOINT WARNING * * *
The orc priest hits you but does no damage.
You barely miss the orc priest. Your punch misses the orc priest.
The orc wizard completely misses you.
The orc priest calls down the wrath of Beogh upon you.
Beogh smites you!
You die...

#..#...#..######.#
#..#...#..#....#.#
#..#...#..#....#.#
#..#...#..#....#.#
#..#...#..##'###†#
#..#...#.........#
#..#...#.........#
#..#...#.........#
#♣o#...##'#####'##
#oo#....).........
#..###############
#..).......o......
#.................
#.................
#.................
##################


You could see 2 orc priests and an orc wizard.

Vanquished Creatures
  An iron imp (D:3)
  A hound (D:4)
  An orc priest (D:4)
  3 gnolls (D:2)
  An adder (D:2)
  4 orcs
  7 endoplasms
  A giant cockroach (D:2)
  11 goblins
  9 hobgoblins
  4 jackals (D:2)
  6 kobolds
  A quokka (D:1)
  2 ball pythons (D:1)
  6 bats
  5 frilled lizards
  4 rats
67 creatures vanquished.

Notes
Turn   | Place    | Note
-------+----------+-------------------------------------------
     0 | D:1      | LustLizard the Octopode Shapeshifter began the quest for
                  | the Orb.
     0 | D:1      | Reached XP level 1. HP: 13/13 MP: 1/1
   215 | D:1      | Reached XP level 2. HP: 17/18 MP: 2/2
   274 | D:1      | Reached skill level 1 in Stealth
   893 | D:2      | Reached XP level 3. HP: 22/23 MP: 3/3
  2571 | D:2      | Reached XP level 4. HP: 29/29 MP: 4/4
  3091 | D:3      | Reached skill level 4 in Unarmed Combat
  3612 | D:3      | Found a snail-covered altar of Cheibriados.
  3621 | D:3      | Reached XP level 5. HP: 22/34 MP: 5/5
  4369 | D:4      | Killed from afar by an orc priest

Illustrated notes

Levels and vault maps discovered:
D:1:      lightli_arrival_lavapool, layout_rooms, minmay_misc_feat_enclosed,
          kennysheep_small_spiral
D:2:      layout_loops_ring, minmay_goblin_outpost
D:3:      layout_basic, chei_slow_surprise, serial_forest,
          infiniplex_forest_lined_corner, infiniplex_forest_lined_4_way,
          infiniplex_forest_lined_corner, infiniplex_forest_clump_curved,
          infiniplex_forest_lined_2, infiniplex_forest_straight_1,
          minmay_ruptured
D:4:      layout_basic

Skill      XL: |  1  2  3  4  5 |
---------------+----------------+-----
Stealth        | 1 2 3 |  3.1
Fighting       | 2 |  2.5
Unarmed Combat | 4 |  4.5
Dodging        | |  2.0
Shapeshifting  | |  3.5

Action                     |  1- 3 |  4- 6 || total
---------------------------+-------+-------++-------
  Melee: Unarmed           |    81 |    51 ||   132
         Constrict         |    19 |    16 ||    35
         Tentacles         |     8 |    13 ||    21
         Punch             |     1 |     4 ||     5
    Use: Scroll            |       |     3 ||     3
         Potion            |       |     2 ||     2
   Stab: Distracted        |     1 |       ||     1
 Armour: Skin              |     9 |     7 ||    16
  Dodge: Dodged            |    37 |    26 ||    63

Table legend: (Time is in decaauts)
 A = Elapsed time spent in this place.
 B = Non-inter-level travel time spent in this place.
 C = Inter-level travel time spent in this place.
 D = Time resting spent in this place.
 E = Time spent auto-exploring this place.
 F = Levels seen in this place.
 G = Mean time per level.
                   A        B        C        D        E       F      G
               +--------+--------+--------+--------+--------+-----+--------+
         Total |   4357 |   4094 |    263 |   1227 |   1918 |   4 | 1089.2 |
       Dungeon |   4357 |   4094 |    263 |   1227 |   1918 |   4 | 1089.2 |
               +--------+--------+--------+--------+--------+-----+--------+

Top non-repeatable levels by time:
     D:2: 2136 daAuts
     D:1: 873 daAuts
     D:3: 845 daAuts
     D:4: 502 daAuts
